 Dungeon Crawl Stone Soup version 0.24.0-13-gcf9b319 (webtiles) character file.

Game seed: 17335003397795880503, levelgen mode: deterministic

19421 Fang the Fighter (level 12, -3/120 HPs)
             Began as a Gargoyle Berserker on Nov 22, 2019.
             Was a High Priest of Trog.
             Slain by a 19-headed hydra (8 damage)
             ... on level 2 of the Lair of Beasts.
             The game lasted 00:14:19 (12162 turns).

Fang the Fighter (Gargoyle Berserker)              Turns: 12162, Time: 00:14:19

Health: -3/120     AC: 36    Str: 32    XL:     12   Next: 68%
Magic:  21/21      EV: 12    Int: 12    God:    Trog [*****.]
Gold:   274        SH:  0    Dex:  9    Spells: 11/11 levels left

rFire    + . .     SeeInvis .   a - +0 war axe
rCold    + . .     Gourm    +   (no shield)
rNeg     + . .     Faith    .   b - +2 plate armour
rPois    ∞         Spirit   .   w - +2 helmet "Tutumiq" {rF+}
rElec    +         Reflect  .   (no cloak)
rCorr    +         Harm     .   n - +2 pair of gloves
MR       .....                  l - +2 pair of boots of Beogh's Condemnation {MP+9 Int+5}
Stlth    ..........             e - amulet of the gourmand
HPRegen  0.30/turn              F - ring of protection from cold
MPRegen  0.17/turn              m - ring of resist corrosion

@: berserking, very quick
A: negative energy resistance 1, electricity resistance, unbreathing,
petrification resistance, rot immunity, AC +8
a: Berserk, Trog's Hand, Brothers in Arms, Renounce Religion


You were on level 2 of the Lair of Beasts.
You worshipped Trog.
Trog was extremely pleased with you.
You were very full.

You visited 4 branches of the dungeon, and saw 16 of its levels.
You visited 1 bazaar.
You also visited: Sewer.

You collected 502 gold pieces.
You spent 228 gold pieces at shops.

Inventory:

Hand Weapons
 a - a +0 war axe (weapon)
Armour
 b - a +2 plate armour (worn)
 l - the +2 pair of boots of Beogh's Condemnation (worn) {MP+9 Int+5}
   (You bought it in a shop in a bazaar)

   It affects your intelligence (+5).
   It affects your magic capacity (+9).
 n - a +2 pair of gloves (worn)
 w - the +2 helmet "Tutumiq" (worn) {rF+}
   (You found it on level 4 of the Dungeon)

   It protects you from fire.
Jewellery
 e - an amulet of the gourmand (around neck)
 m - a ring of resist corrosion (right hand)
 E - a +2 ring of strength
 F - a ring of protection from cold (left hand)
 L - an uncursed ring of stealth {unknown}
Wands
 r - a wand of iceblast (29)
 t - a wand of digging (15)
 y - a wand of flame (13)
 G - a wand of paralysis (20)
 H - a wand of acid (10)
Scrolls
 g - 2 scrolls of blinking
 i - 8 scrolls of remove curse
 j - 2 scrolls of fog
 s - a scroll of magic mapping
 u - 6 scrolls of teleportation
 x - 2 scrolls of fear
 M - a scroll of random uselessness {unknown}
Potions
 d - a potion of agility
 f - 5 potions of mutation
 h - 6 potions of curing {unknown}
 k - a potion of berserk rage {unknown}
 o - 4 potions of flight {unknown}
 q - 6 potions of heal wounds
 v - 2 potions of cancellation
 z - 3 potions of magic
 A - a potion of might {unknown}
 B - 3 potions of haste {unknown}
 C - 2 potions of invisibility {unknown}
 D - 2 potions of resistance {unknown}
 I - 3 potions of ambrosia {unknown}
 J - a potion of brilliance {unknown}
 K - a potion of degeneration {unknown}
Comestibles
 c - 22 rations
 p - 18 chunks of flesh


   Skills:
 + Level 11.7 Fighting
 + Level 10.0 Axes
 + Level 11.4 Armour
 + Level 9.0 Dodging


You had 11 spell levels left.
You didn't know any spells.
Your spell library was empty.

Dungeon Overview and Level Annotations

Branches:
Dungeon (12/15)            Temple (1/1) D:4            Lair (2/6) D:8
    Orc (1/2) D:10          Sewer (visited)
  Swamp: Lair:2-4    Shoals: Lair:2-4     Snake: Lair:2-4    Spider: Lair:2-4

Altars:
Ashenzari
Cheibriados
Dithmenos
Gozag
Hepliaklqana
Kikubaaqudgha
Makhleb
Nemelex Xobeh
Ru
Sif Muna
Trog
Uskayaw
Vehumet
Wu Jian
Xom
The Shining One

Shops:
D:4 [   D:6 [:(   D:7 *   D:11 [

Annotations:
D:6 2 transporters, PimpSugar's ghost, novice DsWz
Lair:2 2 transporters, exclusion: 3 oklob plants, Twasazerg's ghost, journeyman DsVM
Orc:1 1 runed translucent door


Innate Abilities, Weirdness & Mutations

You are resistant to torment.
Your stone body is resilient. (AC +8)
You are immune to poison.
You resist negative energy. (rN+)
You are resistant to electric shocks. (rElec)
You can survive without breathing.
You are immune to petrification.
You are immune to rotting.


Message History

The 20-headed hydra bites you but does no damage. x2
The 20-headed hydra closely misses you.
The 20-headed hydra bites you but does no damage.
You slice one of the 20-headed hydra's heads off!
You slash the 19-headed hydra!
The 19-headed hydra is almost dead.
The 19-headed hydra bites you but does no damage.
The 19-headed hydra misses you.
The 19-headed hydra bites you but does no damage.
The 19-headed hydra barely misses you.
The 19-headed hydra bites you but does no damage.
The 19-headed hydra completely misses you.
The 19-headed hydra bites you!
* * * LOW HITPOINT WARNING * * *
The 19-headed hydra bites you but does no damage.
The 19-headed hydra misses you.
The 19-headed hydra completely misses you.
The 19-headed hydra misses you.
The 19-headed hydra closely misses you. x3
The 19-headed hydra bites you!
You die...

.. ....≈≈≈≈.≈≈≈... .>
...≈≈≈≈≈≈≈≈≈≈.. ..
P..≈≈≈≈≈≈≈≈≈≈.. ..
#..≈≈≈≈≈≈≈≈≈....... .. #
#.≈≈≈≈≈≈≈≈........ ..
#.#..≈≈≈≈≈......... ..
.......D....P.#..# ####.
.##.!..@....P.#..# #.#..
###..............###.##.
##......................
##..............÷.......
##..........#.#.........
P#...........#..........
.............##..##.###.
............######### #.
#.P######.### ##


You could see a 19-headed hydra.

Vanquished Creatures
  Gastronok (Lair:1)
  Erica (D:10)
  6 two-headed ogres
  A cyclops (D:7)
  A manticore (D:11)
  A spiny frog (Lair:1)
  A komodo dragon (Lair:2)
  2 trolls
  4 hornets (D:11)
  3 hippogriffs
  A shadow (D:7)
  A wyvern (D:8)
  13 yaks
  A hungry ghost (D:8)
  6 water moccasins
  5 porcupines
  5 ice beasts
  3 black bears
  4 orc warriors
  A sky beast (D:7)
  A phantom (D:8)
  2 necrophages
  A wolf (Lair:2)
  4 ogres
  8 centaurs
  3 crocodiles
  3 big kobolds
  12 bullfrogs
  2 gnoll sergeants
  A water moccasin zombie (D:10)
  2 elf skeletons (D:5)
  A water moccasin skeleton (D:4)
  A wyvern skeleton (D:10)
  2 scorpions (D:4)
  A killer bee (D:11)
  9 wights
  6 howler monkeys
  4 jellies
  2 crimson imps
  5 quasits
  A bullfrog zombie (D:6)
  4 hounds
  10 orc priests
  6 iguanas
  9 orc wizards
  A centaur skeleton (D:5)
  Ijyb (D:3)
  2 human skeletons (D:5)
  Terence (D:3)
  10 worker ants
  5 hound skeletons
  Robin (D:2)
  A worker ant zombie (D:7)
  16 gnolls
  14 adders
  5 shadow imps
  2 oozes
  An adder zombie (D:6)
  3 worms
  3 dart slugs
  5 leopard geckos
  41 orcs
  3 ball pythons (Sewer)
  2 bats
  7 giant cockroaches
  4 hobgoblins
  13 jackals
  22 kobolds
  3 quokkas
  8 frilled lizards
  A giant cockroach zombie (D:5)
  18 goblins
  2 leopard gecko skeletons
  2 leopard gecko zombies (D:8)
  An orc skeleton (D:5)
  An orc zombie (D:5)
  A quokka skeleton (D:5)
  5 rats
  2 fungi (D:8)
  3 plants (D:8)
371 creatures vanquished.

Vanquished Creatures (others)
  An adder (D:4)
  A jackal (D:4)
  A quokka (D:4)
  2 frilled lizards (D:4)
  2 fungi
  14 plants
21 creatures vanquished.

Grand Total: 392 creatures vanquished

Notes
Turn   | Place    | Note
-------+----------+-------------------------------------------
     0 | D:1      | Fang the Gargoyle Berserker began the quest for the Orb.
     0 | D:1      | Reached XP level 1. HP: 14/14 MP: 1/1
   242 | D:1      | Reached XP level 2. HP: 10/19 MP: 2/2
  1113 | D:2      | Reached XP level 3. HP: 23/23 MP: 3/3
  1464 | D:2      | Reached XP level 4. HP: 7/29 MP: 4/4
  1875 | D:2      | Noticed Robin
  1879 | D:2      | Reached ** piety under Trog
  1897 | D:2      | Killed Robin
  1897 | D:2      | Reached XP level 5. HP: 21/33 MP: 5/5
  2383 | D:3      | Found a hazy altar of Hepliaklqana.
  2455 | D:3      | Noticed Ijyb
  2456 | D:3      | Noticed Terence
  2501 | D:3      | Killed Ijyb
  2505 | D:3      | Killed Terence
  3140 | D:4      | Found a staircase to the Ecumenical Temple.
  3163 | D:4      | Reached XP level 6. HP: 39/39 MP: 6/6
  3269 | D:4      | Reached skill level 5 in Fighting
  3289 | Temple   | Entered the Ecumenical Temple
  3474 | D:4      | Reached XP level 7. HP: 41/44 MP: 7/7
  3493 | D:4      | Found a shimmering altar of Xom.
  3545 | D:4      | Found Toir's Armour Shoppe.
  3687 | D:4      | Got a polished helmet
  3698 | D:4      | Identified the +2 helmet "Tutumiq" {rF+} (You found it on
                  | level 4 of the Dungeon)
  3990 | D:5      | Entered Level 5 of the Dungeon
  4018 | D:5      | Reached *** piety under Trog
  4022 | D:5      | Reached skill level 5 in Armour
  4100 | D:5      | Found a glowing drain.
  4127 | Sewer    | Entered a sewer
  4425 | D:5      | Found a bloodstained altar of Trog.
  4563 | D:5      | Reached XP level 8. HP: 48/51 MP: 8/8
  4710 | D:5      | Reached skill level 5 in Axes
  4823 | D:5      | Reached **** piety under Trog
  5198 | D:6      | Found Mangud's Book Shop.
  5253 | D:6      | Found a radiant altar of Vehumet.
  5253 | D:6      | Found a faded altar of an unknown god.
  5258 | D:6      | Found a faded altar of an unknown god.
  5260 | D:6      | Found a hide-covered altar of Uskayaw.
  5262 | D:6      | Found a shadowy altar of Dithmenos.
  5295 | D:6      | Found Ciedarph's Weapon Shoppe.
  5346 | D:6      | Reached XP level 9. HP: 47/56 MP: 9/9
  5369 | D:6      | Noticed PimpSugar's ghost (novice DsWz)
  5666 | D:6      | Found a transporter.
  5674 | D:6      | Identified the amulet of Vampiric Thralls {Reflect *Slow
                  | Dex+4 SH+3}
  5725 | D:6      | Found a transporter.
  5796 | D:6      | Reached skill level 5 in Dodging
  5839 | D:6      | Found Esej's Armour Emporium.
  5896 | D:6      | Found a shimmering blue altar of Sif Muna.
  5913 | D:6      | Found a sparkling altar of Nemelex Xobeh.
  6032 | D:6      | Found a burning altar of Makhleb.
  6032 | D:6      | Found a glowing golden altar of the Shining One.
  6134 | D:7      | Found an ancient bone altar of Kikubaaqudgha.
  6355 | D:7      | Found Laideliw's Assorted Antiques.
  6434 | D:7      | Noticed a cyclops
  6495 | D:7      | Killed a cyclops
  6683 | D:7      | Got a steaming battleaxe
  6684 | D:7      | Identified the cursed +1 battleaxe of Courage {freeze,
                  | +Rage Str+2} (You found it on level 7 of the Dungeon)
  7003 | D:7      | Reached XP level 10. HP: 61/64 MP: 8/10
  7401 | D:8      | Found a staircase to the Lair.
  7617 | D:8      | Found a sacrificial altar of Ru.
  7621 | D:8      | Noticed a two-headed ogre
  7630 | D:8      | Killed a two-headed ogre
  7893 | D:8      | Found a shattered altar of Ashenzari.
  8211 | D:8      | Reached ***** piety under Trog
  8648 | D:9      | Noticed a two-headed ogre
  8658 | D:9      | Killed a two-headed ogre
  8706 | D:9      | Noticed a two-headed ogre
  8713 | D:9      | Killed a two-headed ogre
  8713 | D:9      | Reached XP level 11. HP: 40/72 MP: 11/11
  9248 | D:10     | Entered Level 10 of the Dungeon
  9253 | D:10     | Noticed a two-headed ogre
  9255 | D:10     | Noticed Erica
  9266 | D:10     | Killed a two-headed ogre
  9266 | D:10     | Reached skill level 10 in Fighting
  9277 | D:10     | Killed Erica
  9502 | D:10     | Found a staircase to the Orcish Mines.
  9882 | Orc:1    | Entered Level 1 of the Orcish Mines
  9893 | Orc:1    | Found a runed translucent door.
  9937 | D:11     | Noticed a manticore
  9951 | D:11     | Reached skill level 10 in Armour
  9954 | D:11     | Killed a manticore
  9998 | D:10     | Received a gift from Trog
 10342 | D:11     | Found Cheibriados's Comfort Zone.
 10342 | D:11     | Found a snail-covered altar of Cheibriados.
 10376 | D:11     | Reached XP level 12. HP: 51/79 MP: 12/12
 10736 | D:11     | Noticed a two-headed ogre
 10748 | D:11     | Killed a two-headed ogre
 10876 | D:11     | Noticed a two-headed ogre
 10886 | D:11     | Killed a two-headed ogre
 10907 | D:11     | Reached ****** piety under Trog
 11255 | D:11     | Found a flickering gateway to a bazaar.
 11268 | Bazaar   | Entered a bazaar
 11268 | Bazaar   | Found Oxtec's General Store.
 11275 | Bazaar   | Found Ceul's Antique Armour Shoppe.
 11283 | Bazaar   | Found Yggur's Jewellery Shoppe.
 11305 | Bazaar   | Found Keghulac's Antique Weapon Emporium.
 11313 | Bazaar   | Found Kyinef's Distillery.
 11343 | Bazaar   | Bought a pair of brightly glowing boots for 228 gold pieces
 11348 | Bazaar   | Identified the +2 pair of boots of Beogh's Condemnation
                  | {MP+9 Int+5} (You bought it in a shop in a bazaar)
 11494 | Lair:1   | Entered Level 1 of the Lair of Beasts
 11597 | Lair:1   | Noticed Gastronok
 11622 | Lair:1   | Killed Gastronok
 11756 | Lair:1   | Received a gift from Trog
 11802 | Lair:1   | You fall into a shaft and drop 1 floor!
 11886 | Lair:2   | Noticed Twasazerg's ghost (journeyman DsVM)
 11928 | Lair:2   | Found a transporter.
 11991 | Lair:2   | Found a transporter.
 12130 | Lair:2   | Reached skill level 10 in Axes
 12144 | Lair:2   | Noticed an eight-headed hydra
 12162 | Lair:2   | HP: 5/120 [19-headed hydra (8)]
 12162 | Lair:2   | Slain by a 19-headed hydra

Levels and vault maps discovered:
D:1:      dpeg_arrival_triangle_fractal, layout_basic
D:2:      layout_basic, uniq_robin
D:3:      layout_basic, old_standard_altar, first_ration,
          minmay_misc_feat_rugged, uniq_ijyb, uniq_terence
D:4:      layout_cave_pools, xom_confusion_cloud, minmay_temple_entry_glass,
          serial_shops, nicolae_shop_waterfront
D:5:      layout_gridville, lemuel_coloured_pillars_altar, portal_sewer_entry_b,
          nicolae_ossuary_entry_catacombs, lemuel_statue_altar
D:6:      minmay_general_purpose_star, layout_basic, nemelex_altar_shiori,
          chequers_temple_overflow_minitemple, gammafunk_temple_overflow_wave,
          kennysheep_mini_moat, gammafunk_ghost_gnarly_gnolls, serial_shops,
          shop_statue, nicolae_shop_stone, shop_statue
D:7:      minmay_the_grid_octo_triangle [minmay_the_grid_octo_focus,
          minmay_the_grid_octo_prize_big_c, minmay_the_grid_octo_clover],
          layout_basic, basic_altar, serial_shops, shop, hangedman_decor_lopped
D:8:      layout_basic, nicolae_overflow_crystal_walls,
          overflow_temple_1_default, due_lair_maze_entry_diamond
D:9:      layout_gridville
D:10:     layout_roguey, orc_0_dummy, uniq_erica
D:11:     layout_long_grid, serial_shops, bzr_firewalk,
          hangedman_pestilent_swarm, st_stairs_3, minmay_shop_chei,
          chequers_serial_rivers_small_3
D:12:     layout_basic, minmay_misc_feat_cross, nicolae_ashenzari_panopticon
Temple:   compressed_dpeg_circular_temple
Lair:1:   layout_cave_pods, lemuel_fruit_tree, uniq_gastronok
Lair:2:   wad_woods_tower, layout_gridlike, gammafunk_ghost_arena,
          infiniplex_staircase_pool, minmay_lair_oklob_chamber
Orc:1:    layout_caves, chequers_guarded_unrand_ignorance

Skill      XL: |  1  2  3  4  5  6  7  8  9 10 11 12 |
---------------+-------------------------------------+-----
Axes           | 3 4 5 6 8 9 10 | 10.0
Dodging        | 2 3 4 5 7 8 9 |  9.0
Armour         | 3 4 5 6 7 9 10 11 | 11.4
Fighting       | 4 5 6 8 9 10 11 | 11.7

Action                   |  1- 3 |  4- 6 |  7- 9 | 10-12 || total
-------------------------+-------+-------+-------+-------++-------
Melee: Hand axe          |    91 |   245 |   496 |       ||   832
       War axe           |       |       |    53 |   796 ||   849
       Battleaxe         |       |       |    24 |       ||    24
Invok: Berserk           |     2 |     1 |     2 |     7 ||    12
       Trog's Hand       |       |       |     3 |     1 ||     4
  Use: Scroll            |       |       |     3 |    19 ||    22
 Stab: Sleeping          |     1 |       |       |       ||     1
  Eat: Chunk             |     6 |    16 |    14 |    36 ||    72
       Ration            |       |       |       |     1 ||     1
Armor: Animal skin       |    10 |       |       |       ||    10
       Chain mail        |    37 |    60 |       |       ||    97
       Plate armour      |       |   203 |   461 |   918 ||  1582
Dodge: Dodged            |    39 |   130 |   303 |   645 ||  1117
